 Dungeon Crawl Stone Soup version 0.28-a0-589-g333b8329f1 (webtiles) character file.

Game seed: 9372664870455335422

112 dolemite99 the Firebug (level 4, -2/32 HPs)
             Began as a Gnoll Fire Elementalist on Oct 4, 2021.
             Slain by an orc (4 damage)
             ... on level 2 of the Dungeon.
             The game lasted 00:03:33 (4724 turns).

dolemite99 the Firebug (Gnoll Fire Elementalist)    Turns: 4724, Time: 00:03:34

Health: -2/32      AC:  2    Str:  7    XL:     4   Next: 93%
Magic:  6/11       EV: 13    Int: 15    God:
Gold:   75         SH:  0    Dex: 13    Spells: 12/13 levels left

rFire   . . .      SeeInvis .   d - +0 dagger
rCold   . . .      Faith    .   (no shield)
rNeg    . . .      Spirit   .   a - +0 robe
rPois   .          Reflect  .   (no helmet)
rElec   .          Harm     .   (no cloak)
rCorr   .          Rampage  .   (no gloves)
Will    .....                   (no boots)
Stlth   +++.......              (no amulet)
HPRegen 0.10/turn               (no ring)
MPRegen 0.12/turn               (no ring)

@: hasted, very quick
A: fangs 1, strong nose, distributed training
a: no special abilities


You were on level 2 of the Dungeon.
You visited 1 branch of the dungeon, and saw 3 of its levels.

You collected 75 gold pieces.

Inventory:

Hand Weapons
 c - a +0 short sword
 d - a +0 dagger (weapon)
 l - a +0 hunting sling
Missiles
 b - 4 javelins
 g - 29 stones
 h - 23 bolts
 i - 16 sling bullets
 m - 14 arrows
Armour
 a - a +0 robe (worn)
Jewellery
 j - a ring of wizardry
Scrolls
 e - a scroll of fear {unknown}
 f - a scroll of brand weapon {unknown}
 n - a scroll of identify {unknown}


   Skills:
 + Level 1.2 Fighting
 + Level 1.2 Short Blades
 + Level 1.2 Long Blades
 + Level 1.2 Axes
 + Level 1.2 Maces & Flails
 + Level 1.2 Polearms
 + Level 1.2 Staves
 + Level 1.2 Slings
 + Level 1.2 Bows
 + Level 1.2 Crossbows
 + Level 1.2 Throwing
 + Level 1.2 Armour
 + Level 4.7 Dodging
 + Level 4.3 Stealth
 + Level 1.2 Shields
 + Level 1.2 Unarmed Combat
 + Level 5.1 Spellcasting
 + Level 2.3 Conjurations
 + Level 1.0 Hexes
 + Level 1.0 Summonings
 + Level 1.0 Necromancy
 + Level 1.0 Translocations
 + Level 1.0 Transmutations
 + Level 5.5 Fire Magic
 + Level 1.0 Ice Magic
 + Level 1.0 Air Magic
 + Level 1.0 Earth Magic
 + Level 1.0 Poison Magic
 + Level 1.4 Invocations
 + Level 1.2 Evocations


You had 12 spell levels left.
You knew the following spells:

 Your Spells              Type           Power      Damage    Failure   Level
a - Foxfire               Conj/Fire      60%        2x1d7     3%          1

Your spell library contained the following spells:

 Spells                   Type           Power      Damage    Failure   Level
 Scorch                   Fire           40%        2d7       2%          2
 Magic Dart               Conj           40%        1d5       6%          1
 Conjure Flame            Conj/Fire      15%        6-21      10%         3
 Inner Flame              Hex/Fire       13%        N/A       13%         3
 Call Imp                 Summ           7%         N/A       16%         2
 Mephitic Cloud           Conj/Pois/Air  8%         N/A       26%         3
 Flame Wave               Conj/Fire      15%        3d5       32%         4
 Conjure Ball Lightning   Conj/Air       4%         3x3d6     100%        6
 Discord                  Hex            3%         N/A       100%        8
 Disjunction              Tloc           3%         N/A       100%        8


Dungeon Overview and Level Annotations

Branches:
Dungeon (3/15)

Altars:
Yredelemnul


Innate Abilities, Weirdness & Mutations

You have very sharp teeth.
Your uncanny sense of smell can sniff out nearby items.
Your experience applies equally to all skills.


Message History

Confirm with . or Enter, or press ? or * to list all spells.
There is not enough space to conjure foxfire!
You hit the white imp but do no damage.
The white imp is severely wounded.
The white imp barely misses you. The orc misses you.
You hit the white imp but do no damage.
The white imp is severely wounded.
The white imp hits you. The white imp freezes you.
The orc completely misses you.
You barely miss the white imp.
The white imp is severely wounded.
The white imp gestures at you. The puff of frost hits you.
* * * LOW HITPOINT WARNING * * *
The orc barely misses you.
Casting: Foxfire (safe; 3% risk of failure)
Confirm with . or Enter, or press ? or * to list all spells.
There is not enough space to conjure foxfire!
Casting: Foxfire (safe; 3% risk of failure)
Confirm with . or Enter, or press ? or * to list all spells.
There is not enough space to conjure foxfire!
You barely miss the white imp.
The white imp is severely wounded.
The white imp hits you.
* * * LOW HITPOINT WARNING * * *
The white imp freezes you.
* * * LOW HITPOINT WARNING * * *
The orc misses you.
You closely miss the white imp.
The white imp is severely wounded.
The white imp misses you. The orc closely misses you.
It was a potion of haste.
You feel yourself speed up.
The white imp hits you but does no damage.
The orc hits you with a +0 dagger.
* * * LOW HITPOINT WARNING * * *
You closely miss the white imp.
The white imp is severely wounded.
The white imp hits you but does no damage.
The orc hits you with a +0 dagger.
You die...

#.# #####.#.###.#########
#.# #.....#.# #.# #.#
#.###.#.# #.# #### #.# #.#
#.#.###.## #...
#.#####.###.#.##...# #.##
#...........#.##...# #.##
#######.#####.##...#####.#.
#.#####.........##<.#
######.##@5...............
#......##o##.........##..#
#.#######.##.##......##.#.
#.# #.##.##...##.##.## #.#
#.##.##...##.##.## #.#
#.##.#######....## #.#
#....# ####### #.# #..###
#.# #..#


You could see a white imp and an orc.

Vanquished Creatures
  A hound skeleton (D:2)
  2 adders (D:2)
  A worm (D:3)
  2 dart slugs (D:1)
  3 orcs
  8 endoplasms
  2 giant cockroaches
  4 goblins (D:1)
  8 hobgoblins
  4 jackals (D:1)
  7 quokkas
  4 ball pythons
  4 bats
  5 kobolds
  6 rats
61 creatures vanquished.

Vanquished Creatures (others)
  194 foxfires
  61 plants (D:3)
255 creatures vanquished.

Grand Total: 316 creatures vanquished

Notes
Turn   | Place    | Note
-------+----------+-------------------------------------------
     0 | D:1      | dolemite99 the Gnoll Fire Elementalist began the quest for
                  | the Orb.
     0 | D:1      | Reached XP level 1. HP: 13/13 MP: 6/6
   297 | D:1      | Reached XP level 2. HP: 14/19 MP: 3/7
   943 | D:1      | Reached XP level 3. HP: 10/25 MP: 3/9
  1313 | D:1      | Reached skill level 5 in Spellcasting
  1774 | D:1      | Reached skill level 1 in Invocations
  2419 | D:2      | Reached skill level 1 in Fighting
  2419 | D:2      | Reached skill level 1 in Short Blades
  2419 | D:2      | Reached skill level 1 in Long Blades
  2419 | D:2      | Reached skill level 1 in Axes
  2419 | D:2      | Reached skill level 1 in Maces & Flails
  2419 | D:2      | Reached skill level 1 in Polearms
  2419 | D:2      | Reached skill level 1 in Staves
  2419 | D:2      | Reached skill level 1 in Slings
  2419 | D:2      | Reached skill level 1 in Bows
  2419 | D:2      | Reached skill level 1 in Crossbows
  2419 | D:2      | Reached skill level 1 in Throwing
  2419 | D:2      | Reached skill level 1 in Armour
  2419 | D:2      | Reached skill level 1 in Shields
  2419 | D:2      | Reached skill level 1 in Unarmed Combat
  2419 | D:2      | Reached skill level 1 in Evocations
  2985 | D:2      | HP: 1/26 [adder (4)]
  2988 | D:2      | Reached XP level 4. HP: 1/32 MP: 3/11
  4172 | D:2      | Reached skill level 1 in Hexes
  4172 | D:2      | Reached skill level 1 in Summonings
  4172 | D:2      | Reached skill level 1 in Necromancy
  4172 | D:2      | Reached skill level 1 in Translocations
  4172 | D:2      | Reached skill level 1 in Transmutations
  4172 | D:2      | Reached skill level 1 in Ice Magic
  4172 | D:2      | Reached skill level 1 in Air Magic
  4172 | D:2      | Reached skill level 1 in Earth Magic
  4172 | D:2      | Reached skill level 1 in Poison Magic
  4541 | D:3      | Found a basalt altar of Yredelemnul.
  4724 | D:2      | Slain by an orc

Illustrated notes

Levels and vault maps discovered:
D:1:      lightli_arrival_statuegarden, layout_loops_corners
D:2:      layout_loops_ring
D:3:      layout_loops_ring, led_xom_imps, mainiacjoe_overflow_catch_the_wave,
          pdpol_wu_jian_five_deadly_venoms, minmay_cut_off, uniq_robin

Skill      XL: |  1  2  3  4 |
---------------+-------------+-----
Conjurations   | 2 |  2.3
Spellcasting   | 5 |  5.1
Invocations    | 1 |  1.4
Fighting       | 1 |  1.2
Short Blades   | 1 |  1.2
Long Blades    | 1 |  1.2
Axes           | 1 |  1.2
Maces & Flails | 1 |  1.2
Polearms       | 1 |  1.2
Staves         | 1 |  1.2
Slings         | 1 |  1.2
Bows           | 1 |  1.2
Crossbows      | 1 |  1.2
Throwing       | 1 |  1.2
Armour         | 1 |  1.2
Shields        | 1 |  1.2
Unarmed Combat | 1 |  1.2
Evocations     | 1 |  1.2
Hexes          | 1 |  1.0
Summonings     | 1 |  1.0
Necromancy     | 1 |  1.0
Translocations | 1 |  1.0
Transmutations | 1 |  1.0
Ice Magic      | 1 |  1.0
Air Magic      | 1 |  1.0
Earth Magic    | 1 |  1.0
Poison Magic   | 1 |  1.0
Dodging        | |  4.7
Stealth        | |  4.3
Fire Magic     | |  5.5

Action                   |  1- 3 |  4- 6 || total
-------------------------+-------+-------++-------
Melee: Dagger            |    14 |    26 ||    40
       Bite              |     1 |     2 ||     3
 Cast: Foxfire           |    82 |    39 ||   121
  Use: Potion            |       |     2 ||     2
Armor: Robe              |     7 |     9 ||    16
Dodge: Dodged            |    82 |    58 ||   140

Table legend: (Time is in decaauts)
 A = Elapsed time spent in this place.
 B = Non-inter-level travel time spent in this place.
 C = Inter-level travel time spent in this place.
 D = Time resting spent in this place.
 E = Time spent auto-exploring this place.
 F = Levels seen in this place.
 G = Mean time per level.
                   A        B        C        D        E       F      G
               +--------+--------+--------+--------+--------+-----+--------+
         Total |   4721 |   4649 |     72 |   2321 |   1648 |   3 | 1573.7 |
       Dungeon |   4721 |   4649 |     72 |   2321 |   1648 |   3 | 1573.7 |
               +--------+--------+--------+--------+--------+-----+--------+

Top non-repeatable levels by time:
     D:1: 2329 daAuts
     D:2: 2167 daAuts
     D:3: 223 daAuts
